Avalanche vs Capitals

Created - February 10, 2020 at 23:36

Goals
1 2 3 OT1 T
Avalanche 0 1 1 0 2
Capitals 2 0 0 1 3
Shots
1 2 3 OT1 T
Avalanche 8 5 12 5 30
Capitals 19 6 5 1 31

1st period

1. Capitals , Blake Wheeler 9 (Mikko Koivu 4, Tuukka Rask) at 10:51
2. Capitals , Jason Pominville 13 (Ryan Getzlaf 10, Justin Faulk 9) at 16:17

Penalties :
Mattias Ekholm (Col) for Interference (Minor) at 1:52

2nd period

3. Avalanche , Patric Hornqvist 21 (Bryan Little 30, Dmitry Kulikov 18) at 4:48 (PP)

Penalties :
Ryan Suter (Was) for Hooking (Minor) at 1:14, Joe Thornton (Was) for Holding Stick (Minor) at 4:32, Bryan Little (Col) for Hooking (Minor) at 6:43, Jason Pominville (Was) for Cross-checking (Minor) at 10:07

3rd period

4. Avalanche , Erik Karlsson 3 (Andrew Ladd 4, Brad Richardson 8) at 14:59

Penalties :
Dmitry Kulikov (Col) for Tripping (Minor) at 2:39, Nick Leddy (Was) for Kneeing (Minor) at 9:17

Overtime #1

5. Capitals , Thomas Vanek 10 (Brent Seabrook 17, Joe Thornton 25) at 4:18

Penalties :
No Penalty

Goalie Stats

Semyon Varlamov (Col), 28 saves from 31 shots - (0.903), OTL, 19-15-3, 64:18 minutes
Tuukka Rask (Was), 28 saves from 30 shots - (0.933), W, 11-11-3, 64:18 minutes

Players Stats for Avalanche

Player Name              G  A  P  +/- PIM S  H  SB GA TA FO     MP     PP MP  PK MP  
------------------------------------------------------------------------------------
Alexander Radulov        0  0  0  -1  0   4  0  0  1  1  0/0    17:10   2:28   0:00 
Andrei Kostitsyn         0  0  0  -1  0   1  1  0  1  0  0/0    18:09   2:28   0:59 
Andrew Ladd              0  1  1   0  0   4  0  1  0  0  0/0    13:53   0:24   3:00 
Brad Richardson          0  1  1   0  0   1  1  0  0  0  1/2    11:26   0:24   1:19 
Bryan Little             0  1  1   0  2   1  2  1  0  0  6/14   20:09   3:21   0:00 
Charlie Coyle            0  0  0   0  0   0  1  0  0  0  5/7    11:50   0:00   2:59 
Danny Richmond           0  0  0  -2  0   1  1  0  0  1  0/0    20:51   3:13   3:02 
Darren Reid              0  0  0   0  0   0  2  1  0  0  0/0    10:30   0:00   1:32 
Dmitry Kulikov           0  1  1  -1  2   0  2  0  1  1  0/0    20:57   3:13   0:12 
Erik Karlsson            1  0  1   0  0   3  0  1  0  0  0/0    23:09   3:00   0:40 
Jack Johnson             0  0  0   1  0   2  1  0  0  1  0/0    25:42   3:00   3:02 
Kyle Turris              0  0  0   0  0   1  0  0  0  0  1/3    11:03   0:00   2:05 
Marc Staal               0  0  0  -1  0   1  0  1  0  0  0/0    22:04   0:00   2:50 
Matt Moulson             0  0  0   0  0   2  0  2  0  0  0/0    10:35   0:24   0:00 
Mattias Ekholm           0  0  0  -1  2   1  0  0  0  0  0/0    16:03   0:00   2:08 
Mikkel Boedker           0  0  0   0  0   1  2  0  1  1  2/4    19:52   3:21   0:00 
Patric Hornqvist         1  0  1  -1  0   3  0  1  0  2  1/3    19:18   3:21   0:00 
Paul Stastny             0  0  0  -2  0   4  0  1  0  0  7/20   18:31   2:28   0:00 

Players Stats for Capitals

Player Name              G  A  P  +/- PIM S  H  SB GA TA FO     MP     PP MP  PK MP  
------------------------------------------------------------------------------------
Blake Wheeler            1  0  1   0  0   3  2  0  0  0  0/1    12:59   0:05   0:00 
Brent Burns              0  0  0   0  0   2  1  3  0  1  0/0    30:07   3:17   3:26 
Brent Seabrook           0  1  1   0  0   1  2  2  0  0  0/0    29:56   3:17   3:15 
Brian McGrattan          0  0  0   0  0   0  0  0  0  1  0/1    11:15   0:05   1:49 
Jason Pominville         1  0  1   1  2   5  2  0  0  0  0/1    17:36   2:35   1:09 
Jeff Skinner             0  0  0   0  0   1  1  2  0  0  0/0     7:40   0:00   0:00 
Joe Pavelski             0  0  0   0  0   2  1  0  0  1  1/2    20:59   3:17   1:47 
Joe Thornton             0  1  1   1  2   3  1  0  2  0  17/33  23:05   3:17   2:54 
Josh Manson              0  0  0   1  0   1  0  0  1  1  0/0    11:40   0:00   0:45 
Justin Faulk             0  1  1   1  0   0  1  2  0  0  0/0    23:28   2:40   2:58 
Mikko Koivu              0  1  1   0  0   1  2  0  0  0  2/3    12:56   0:05   0:00 
Nick Leddy               0  0  0   1  2   1  1  1  0  0  0/0    11:19   0:00   0:00 
Ondrej Palat             0  0  0   0  0   0  1  1  0  0  1/1    13:54   0:00   1:37 
Patrick Sharp            0  0  0   1  0   2  3  1  0  0  1/1    15:13   2:35   0:00 
Ryan Getzlaf             0  1  1   1  0   2  3  0  1  0  4/5    15:13   2:35   0:00 
Ryan Nugent-Hopkins      0  0  0   0  0   1  1  0  0  0  3/4     7:43   0:00   0:00 
Ryan Suter               0  0  0   1  2   1  4  2  0  0  0/0    22:31   2:40   2:02 
Thomas Vanek             1  0  1   1  0   5  2  0  3  0  1/1    23:21   3:17   3:10 

3 Stars

1 - Thomas Vanek (Was)
2 - Blake Wheeler (Was)
3 - Ryan Getzlaf (Was)

Power Play

Avalanche - 1 on 4 Attempt(s) - 25.00%
Capitals - 0 on 3 Attempt(s) - 0.00%

Penalty Kill

Avalanche - 3 on 3 Attempt(s) - 100.00% - Score 0 goal in Penalty Kill
Capitals - 3 on 4 Attempt(s) - 75.00% - Score 0 goal in Penalty Kill

Team Stat

Avalanche - Hits : 13 - Faceoff Wins : 23 - Blocked Shots : 9 - Penalty Minutes : 6
Capitals - Hits : 28 - Faceoff Wins : 30 - Blocked Shots : 14 - Penalty Minutes : 8

Official

Referees : Unknown
Linesman : Unknown

Game Notes

No Game Note

Finance

Level 1 -- Attendance: 6000 (100.00%) -- Ticket Income $612,000
Level 2 -- Attendance: 5000 (100.00%) -- Ticket Income $260,000
Level 3 -- Attendance: 1873 (93.65%) -- Ticket Income $78,666
Level 4 -- Attendance: 4000 (100.00%) -- Ticket Income $104,000
Luxury Box -- Attendance: 756 (75.60%) -- Ticket Income $145,908
Game was played at the Verizon Center.
Total Attendance: 17629 (97.94%)
Total Ticket Income: $1,200,574
Other Income: $180,086
Total Income: $1,380,660

Avalanche

5 vs 5 Forward 
   Center                   Left Wing                Right Wing               Time % Phy DF OF 
 1 Bryan Little             Mikkel Boedker           Patric Hornqvist         35     1   2  2  
 2 Paul Stastny             Andrei Kostitsyn         Alexander Radulov        35     1   2  2  
 3 Charlie Coyle            Andrew Ladd              Brad Richardson          15     1   2  2  
 4 Kyle Turris              Matt Moulson             Darren Reid              15     1   2  2  

5 vs 5 Defense 
   Defense                  Defense                                           Time % Phy DF OF 
 1 Jack Johnson             Erik Karlsson                                     37     1   2  2  
 2 Marc Staal               Dmitry Kulikov                                    36     1   2  2  
 3 Danny Richmond           Mattias Ekholm                                    27     1   2  2  
 4 Jack Johnson             Marc Staal                                        0      1   2  2  

PowerPlay Forward 
   Center                   Left Wing                Right Wing               Time % Phy DF OF 
 1 Bryan Little             Mikkel Boedker           Patric Hornqvist         60     1   2  2  
 2 Paul Stastny             Andrei Kostitsyn         Alexander Radulov        40     1   2  2  

PowerPlay Defense
   Defense                  Defense                                           Time % Phy DF OF 
 1 Jack Johnson             Erik Karlsson                                     60     1   2  2  
 2 Danny Richmond           Dmitry Kulikov                                    40     1   2  2  

Penalty Kill 4 Players Forward 
   Center                   Wing                     Time % Phy DF OF 
 1 Charlie Coyle            Andrew Ladd              60     1   2  2  
 2 Kyle Turris              Darren Reid              40     1   2  2  

Penalty Kill 4 Players Defense
   Defense                  Defense                  Time % Phy DF OF 
 1 Jack Johnson             Marc Staal               60     1   2  2  
 2 Mattias Ekholm           Danny Richmond           40     1   2  2  

Penalty Kill - 3 Players Forward 
   Forward                                           Time % Phy DF OF 
 1 Mikkel Boedker                                    60     1   2  2  
 2 Bryan Little                                      40     1   2  2  

Penalty Kill - 3 Players Defense
   Defense                  Defense                  Time % Phy DF OF 
 1 Jack Johnson             Marc Staal               60     1   2  2  
 2 Erik Karlsson            Danny Richmond           40     1   2  2  

4 vs 4 Forward 
   Center                   Wing                     Time % Phy DF OF 
 1 Mikkel Boedker           Bryan Little             60     1   2  2  
 2 Patric Hornqvist         Paul Stastny             40     1   2  2  

4 vs 4 Defense
   Defense                  Defense                  Time % Phy DF OF 
 1 Jack Johnson             Marc Staal               60     1   2  2  
 2 Erik Karlsson            Danny Richmond           40     1   2  2  

Last Minutes Offensive
   Center                   Left Wing                Right Wing               Defense                  Defense                  
   Bryan Little             Mikkel Boedker           Patric Hornqvist         Jack Johnson             Erik Karlsson            

Last Minutes Defensive
   Center                   Left Wing                Right Wing               Defense                  Defense                  
   Bryan Little             Mikkel Boedker           Patric Hornqvist         Jack Johnson             Marc Staal               

Goaltenders
Starting : Semyon Varlamov          
Backup : Mike Brodeur             

Extra Forwards
Normal : Andrew Ladd, Matt Moulson, Brad Richardson - PP : Andrew Ladd, Matt Moulson - PK : Brad Richardson
Extra Defensemen
Normal : Dmitry Kulikov, Mattias Ekholm, Erik Karlsson - PP : Dmitry Kulikov - PK : Mattias Ekholm, Erik Karlsson
Penalty Shots
Mikkel Boedker, Bryan Little, Patric Hornqvist, Paul Stastny, Andrei Kostitsyn

Scratches
None

Capitals

5 vs 5 Forward 
   Center                   Left Wing                Right Wing               Time % Phy DF OF 
 1 Joe Thornton             Thomas Vanek             Joe Pavelski             40     1   2  2  
 2 Ryan Getzlaf             Patrick Sharp            Jason Pominville         30     1   2  2  
 3 Mikko Koivu              Ondrej Palat             Blake Wheeler            20     1   2  2  
 4 Ryan Nugent-Hopkins      Jeff Skinner             Brian McGrattan          10     1   2  2  

5 vs 5 Defense 
   Defense                  Defense                                           Time % Phy DF OF 
 1 Brent Burns              Brent Seabrook                                    40     1   2  2  
 2 Ryan Suter               Justin Faulk                                      30     1   2  2  
 3 Nick Leddy               Josh Manson                                       20     1   2  2  
 4 Brent Burns              Brent Seabrook                                    10     1   2  2  

PowerPlay Forward 
   Center                   Left Wing                Right Wing               Time % Phy DF OF 
 1 Joe Thornton             Thomas Vanek             Joe Pavelski             60     1   2  2  
 2 Ryan Getzlaf             Patrick Sharp            Jason Pominville         40     1   2  2  

PowerPlay Defense
   Defense                  Defense                                           Time % Phy DF OF 
 1 Brent Burns              Brent Seabrook                                    60     1   2  2  
 2 Ryan Suter               Justin Faulk                                      40     1   2  2  

Penalty Kill 4 Players Forward 
   Center                   Wing                     Time % Phy DF OF 
 1 Joe Thornton             Thomas Vanek             60     1   2  2  
 2 Joe Pavelski             Jason Pominville         40     1   2  2  

Penalty Kill 4 Players Defense
   Defense                  Defense                  Time % Phy DF OF 
 1 Brent Burns              Brent Seabrook           60     1   2  2  
 2 Ryan Suter               Justin Faulk             40     1   2  2  

Penalty Kill - 3 Players Forward 
   Forward                                           Time % Phy DF OF 
 1 Joe Thornton                                      60     1   2  2  
 2 Thomas Vanek                                      40     1   2  2  

Penalty Kill - 3 Players Defense
   Defense                  Defense                  Time % Phy DF OF 
 1 Brent Burns              Brent Seabrook           60     1   2  2  
 2 Ryan Suter               Justin Faulk             40     1   2  2  

4 vs 4 Forward 
   Center                   Wing                     Time % Phy DF OF 
 1 Joe Thornton             Thomas Vanek             60     1   2  2  
 2 Joe Pavelski             Jason Pominville         40     1   2  2  

4 vs 4 Defense
   Defense                  Defense                  Time % Phy DF OF 
 1 Brent Burns              Brent Seabrook           60     1   2  2  
 2 Ryan Suter               Justin Faulk             40     1   2  2  

Last Minutes Offensive
   Center                   Left Wing                Right Wing               Defense                  Defense                  
   Joe Thornton             Thomas Vanek             Joe Pavelski             Brent Burns              Brent Seabrook           

Last Minutes Defensive
   Center                   Left Wing                Right Wing               Defense                  Defense                  
   Joe Thornton             Thomas Vanek             Joe Pavelski             Brent Burns              Brent Seabrook           

Goaltenders
Starting : Tuukka Rask              
Backup : Mike Smith               

Extra Forwards
Normal : Blake Wheeler, Mikko Koivu, Brian McGrattan - PP : Blake Wheeler, Mikko Koivu - PK : Brian McGrattan
Extra Defensemen
Normal : Nick Leddy, Josh Manson, Ryan Suter - PP : Nick Leddy - PK : Josh Manson, Ryan Suter
Penalty Shots
Joe Thornton, Thomas Vanek, Joe Pavelski, Jason Pominville, Patrick Sharp

Scratches
None


% Time on Ice - Avalanche

Lines # - Real PCT - Wanted PCT - Time Play
Normal Forward
1 - 32% - 35% - 15:06
2 - 32% - 35% - 15:27
3 - 17% - 15% - 8:19
4 - 19% - 15% - 8:58
Normal Defense
1 - 34% - 37% - 16:30
2 - 37% - 36% - 17:44
3 - 27% - 27% - 12:57
4 - 1% - 0% - 0:39
PP Forward
1 - 60% - 60% - 3:45
2 - 40% - 40% - 2:28
PP Defense
1 - 48% - 60% - 3:00
2 - 52% - 40% - 3:13
PK Forward
1 - 74% - 60% - 4:25
2 - 26% - 40% - 1:32
PK Defense
1 - 48% - 60% - 2:50
2 - 52% - 40% - 3:07
PK3 Forward
1 - 0% - 60%
2 - 0% - 40%
PK3 Defense
1 - 0% - 60%
2 - 0% - 40%
44 Forward
1 - 69% - 60% - 2:57
2 - 31% - 40% - 1:21
44 Defense
1 - 59% - 60% - 2:33
2 - 41% - 40% - 1:45
Last Minute Offensive  - 0:00
Last Minute Defensive  - 0:00
Total
Forward - 64:18
Defense - 64:18

% Time on Ice - Capitals

Lines # - Real PCT - Wanted PCT - Time Play
Normal Forward
1 - 34% - 40% - 16:24
2 - 26% - 30% - 12:38
3 - 23% - 20% - 11:08
4 - 16% - 10% - 7:40
Normal Defense
1 - 40% - 40% - 19:18
2 - 33% - 30% - 15:59
3 - 23% - 20% - 10:54
4 - 3% - 10% - 1:39
PP Forward
1 - 57% - 60% - 3:22
2 - 43% - 40% - 2:35
PP Defense
1 - 55% - 60% - 3:17
2 - 45% - 40% - 2:40
PK Forward
1 - 71% - 60% - 4:26
2 - 29% - 40% - 1:47
PK Defense
1 - 52% - 60% - 3:15
2 - 48% - 40% - 2:58
PK3 Forward
1 - 0% - 60%
2 - 0% - 40%
PK3 Defense
1 - 0% - 60%
2 - 0% - 40%
44 Forward
1 - 78% - 60% - 3:22
2 - 22% - 40% - 0:56
44 Defense
1 - 57% - 60% - 2:27
2 - 43% - 40% - 1:51
Last Minute Offensive  - 0:00
Last Minute Defensive  - 0:00
Total
Forward - 64:18
Defense - 64:18

Play-by-Play

1st period


0:01 of 1st period - Bryan Little wins face-off versus Joe Thornton in neutral zone.
0:03 of 1st period - Off-side.
0:04 of 1st period - Joe Thornton wins face-off versus Bryan Little in neutral zone.
0:18 of 1st period - Slapshot by Thomas Vanek.
0:18 of 1st period - Shot Blocked by Bryan Little.
1:02 of 1st period - Snap shot by Blake Wheeler.
1:02 of 1st period - Stopped by Semyon Varlamov with a rebound.
1:11 of 1st period - Icing by Blake Wheeler.
1:12 of 1st period - Ryan Nugent-Hopkins wins face-off versus Kyle Turris in Capitals zone.
1:21 of 1st period - Slapshot by Ryan Nugent-Hopkins.
1:21 of 1st period - Shot Blocked by Matt Moulson.
1:23 of 1st period - Slapshot by Brent Seabrook.
1:23 of 1st period - Deflect By Ryan Nugent-Hopkins.
1:23 of 1st period - Stopped by Semyon Varlamov without a rebound.
1:24 of 1st period - Paul Stastny wins face-off versus Joe Thornton in Avalanche zone.
1:41 of 1st period - Backhand shot by Alexander Radulov.
1:41 of 1st period - Stopped by Tuukka Rask with a rebound.
1:52 of 1st period - Minor Penalty to Mattias Ekholm for Interference.
1:53 of 1st period - Charlie Coyle wins face-off versus Joe Thornton in Avalanche zone.
1:53 of 1st period - Charlie Coyle is hit by Joe Thornton.
2:03 of 1st period - Slapshot by Brent Burns.
2:03 of 1st period - Shot Misses the Net.
3:27 of 1st period - Brent Seabrook is hit by Andrei Kostitsyn and loses puck.
3:52 of 1st period - Penalty to Mattias Ekholm is over, Mattias Ekholm is back on ice.
3:56 of 1st period - Charlie Coyle is hit by Ryan Getzlaf and loses puck.
5:41 of 1st period - Joe Thornton is hit by Charlie Coyle and loses puck.
5:46 of 1st period - Slapshot by Charlie Coyle.
5:46 of 1st period - Shot Blocked by Justin Faulk.
6:31 of 1st period - Jack Johnson is hit by Ryan Suter and loses puck.
8:27 of 1st period - Snap shot by Alexander Radulov.
8:27 of 1st period - Stopped by Tuukka Rask with a rebound.
8:39 of 1st period - Snap shot by Charlie Coyle.
8:39 of 1st period - Shot Misses the Net.
8:41 of 1st period - Snap shot by Brad Richardson.
8:41 of 1st period - Shot Misses the Net.
8:43 of 1st period - Slapshot by Brad Richardson.
8:43 of 1st period - Stopped by Tuukka Rask with a rebound.
8:45 of 1st period - Slapshot by Erik Karlsson.
8:45 of 1st period - Stopped by Tuukka Rask without a rebound.
8:46 of 1st period - Paul Stastny wins face-off versus Joe Thornton in Capitals zone.
8:53 of 1st period - Wrist shot by Alexander Radulov.
8:53 of 1st period - Stopped by Tuukka Rask with a rebound.
9:40 of 1st period - Slapshot by Blake Wheeler.
9:40 of 1st period - Stopped by Semyon Varlamov without a rebound.
9:41 of 1st period - Joe Thornton wins face-off versus Charlie Coyle in Avalanche zone.
10:08 of 1st period - Mattias Ekholm is hit by Ryan Getzlaf and loses puck.
10:29 of 1st period - Snap shot by Blake Wheeler.
10:29 of 1st period - Shot Misses the Net.
10:51 of 1st period - Wrist shot by Blake Wheeler.
10:51 of 1st period - Goal by Blake Wheeler - Avalanche : 0 - Capitals : 1.
10:52 of 1st period - Joe Thornton wins face-off versus Paul Stastny in neutral zone.
11:42 of 1st period - Ryan Suter is hit by Mikkel Boedker and loses puck.
12:11 of 1st period - Snap shot by Thomas Vanek.
12:11 of 1st period - Stopped by Semyon Varlamov without a rebound.
12:12 of 1st period - Ryan Getzlaf wins face-off versus Paul Stastny in Avalanche zone.
12:25 of 1st period - Wrist shot by Jason Pominville.
12:25 of 1st period - Shot Blocked by Paul Stastny.
12:27 of 1st period - Snap shot by Nick Leddy.
12:27 of 1st period - Shot Misses the Net.
12:37 of 1st period - Bryan Little is hit by Joe Pavelski and loses puck.
13:05 of 1st period - Matt Moulson is hit by Brent Burns and loses puck.
13:43 of 1st period - Slapshot by Paul Stastny.
13:43 of 1st period - Shot Blocked by Patrick Sharp.
13:57 of 1st period - Alexander Radulov is hit by Ryan Getzlaf.
14:27 of 1st period - Erik Karlsson is hit by Justin Faulk and loses puck.
14:32 of 1st period - Wrist shot by Thomas Vanek.
14:32 of 1st period - Shot Blocked by Matt Moulson.
14:34 of 1st period - Slapshot by Justin Faulk.
14:34 of 1st period - Shot Misses the Net.
14:36 of 1st period - Snap shot by Thomas Vanek.
14:36 of 1st period - Stopped by Semyon Varlamov without a rebound.
14:37 of 1st period - Mikko Koivu wins face-off versus Paul Stastny in Avalanche zone.
15:26 of 1st period - Snap shot by Joe Thornton.
15:26 of 1st period - Shot Misses the Net.
15:28 of 1st period - Wrist shot by Joe Thornton.
15:28 of 1st period - Shot Misses the Net.
15:34 of 1st period - Snap shot by Joe Thornton.
15:34 of 1st period - Shot Blocked by Andrew Ladd.
15:36 of 1st period - Wrist shot by Joe Thornton.
15:36 of 1st period - Deflect By Thomas Vanek.
15:36 of 1st period - Stopped by Semyon Varlamov without a rebound.
15:37 of 1st period - Mikko Koivu wins face-off versus Paul Stastny in Avalanche zone.
15:52 of 1st period - Snap shot by Blake Wheeler.
15:52 of 1st period - Shot Misses the Net.
15:54 of 1st period - Slapshot by Brent Seabrook.
15:54 of 1st period - Stopped by Semyon Varlamov with a rebound.
16:04 of 1st period - Mattias Ekholm is hit by Jason Pominville and loses puck.
16:09 of 1st period - Wrist shot by Jason Pominville.
16:09 of 1st period - Stopped by Semyon Varlamov with a rebound.
16:15 of 1st period - Wrist shot by Ryan Getzlaf.
16:15 of 1st period - Shot Misses the Net.
16:17 of 1st period - Wrist shot by Jason Pominville.
16:17 of 1st period - Goal by Jason Pominville - Avalanche : 0 - Capitals : 2.
16:18 of 1st period - Bryan Little wins face-off versus Joe Thornton in neutral zone.
16:38 of 1st period - Icing by Jack Johnson.
16:39 of 1st period - Ryan Getzlaf wins face-off versus Bryan Little in Avalanche zone.
16:43 of 1st period - Icing by Mikkel Boedker.
16:44 of 1st period - Patrick Sharp wins face-off versus Bryan Little in Avalanche zone.
16:45 of 1st period - Snap shot by Jason Pominville.
16:45 of 1st period - Shot Misses the Net.
16:47 of 1st period - Wrist shot by Ryan Getzlaf.
16:47 of 1st period - Stopped by Semyon Varlamov with a rebound.
16:49 of 1st period - Slapshot by Jason Pominville.
16:49 of 1st period - Stopped by Semyon Varlamov without a rebound.
16:50 of 1st period - Joe Thornton wins face-off versus Paul Stastny in Avalanche zone.
17:01 of 1st period - Brent Seabrook is hit by Dmitry Kulikov and loses puck.
17:39 of 1st period - Slapshot by Blake Wheeler.
17:39 of 1st period - Shot Blocked by Erik Karlsson.
17:41 of 1st period - Snap shot by Brent Seabrook.
17:41 of 1st period - Shot Misses the Net.
17:43 of 1st period - Slapshot by Brent Burns.
17:43 of 1st period - Stopped by Semyon Varlamov with a rebound.
17:45 of 1st period - Slapshot by Brent Seabrook.
17:45 of 1st period - Shot Blocked by Darren Reid.
17:47 of 1st period - Snap shot by Mikko Koivu.
17:47 of 1st period - Stopped by Semyon Varlamov without a rebound.
17:48 of 1st period - Thomas Vanek wins face-off versus Paul Stastny in Avalanche zone.
17:49 of 1st period - Slapshot by Joe Thornton.
17:49 of 1st period - Stopped by Semyon Varlamov with a rebound.
18:23 of 1st period - Backhand shot by Jason Pominville.
18:23 of 1st period - Stopped by Semyon Varlamov with a rebound.
18:25 of 1st period - Snap shot by Ryan Suter.
18:25 of 1st period - Stopped by Semyon Varlamov with a rebound.
18:37 of 1st period - Slapshot by Andrew Ladd.
18:37 of 1st period - Stopped by Tuukka Rask without a rebound.
18:38 of 1st period - Brad Richardson wins face-off versus Ryan Nugent-Hopkins in Capitals zone.
18:45 of 1st period - Slapshot by Charlie Coyle.
18:45 of 1st period - Shot Misses the Net.
18:47 of 1st period - Slapshot by Jack Johnson.
18:47 of 1st period - Shot Hit the Post.
18:49 of 1st period - Slapshot by Andrew Ladd.
18:49 of 1st period - Stopped by Tuukka Rask without a rebound.
18:50 of 1st period - Paul Stastny wins face-off versus Joe Pavelski in Capitals zone.
19:07 of 1st period - Wrist shot by Joe Thornton.
19:07 of 1st period - Deflect By Joe Pavelski.
19:07 of 1st period - Stopped by Semyon Varlamov without a rebound.
19:08 of 1st period - Ryan Getzlaf wins face-off versus Patric Hornqvist in Avalanche zone.
19:17 of 1st period - Wrist shot by Jason Pominville.
19:17 of 1st period - Stopped by Semyon Varlamov without a rebound.
19:18 of 1st period - Ryan Getzlaf wins face-off versus Bryan Little in Avalanche zone.
19:21 of 1st period - Wrist shot by Jason Pominville.
19:21 of 1st period - Shot Misses the Net.
19:29 of 1st period - Wrist shot by Bryan Little.
19:29 of 1st period - Shot Misses the Net.
19:35 of 1st period - Slapshot by Mikkel Boedker.
19:35 of 1st period - Shot Blocked by Brent Burns.
19:37 of 1st period - Slapshot by Patric Hornqvist.
19:37 of 1st period - Shot Blocked by Brent Seabrook.
19:51 of 1st period - Snap shot by Patric Hornqvist.
19:51 of 1st period - Shot Misses the Net.
19:53 of 1st period - Slapshot by Jack Johnson.
19:53 of 1st period - Shot Misses the Net.
19:55 of 1st period - Slapshot by Jack Johnson.
19:55 of 1st period - Shot Blocked by Brent Seabrook.
19:59 of 1st period - Wrist shot by Mikkel Boedker.
19:59 of 1st period - Stopped by Tuukka Rask without a rebound.
Goals for this period are 0 for Avalanche vs 2 for Capitals.
Shots for this period are 8 for Avalanche vs 19 for Capitals.

2nd period


0:01 of 2nd period - Joe Thornton wins face-off versus Paul Stastny in neutral zone.
0:12 of 2nd period - Slapshot by Paul Stastny.
0:12 of 2nd period - Stopped by Tuukka Rask with a rebound.
0:54 of 2nd period - Marc Staal is hit by Ryan Suter and loses puck.
1:14 of 2nd period - Minor Penalty to Ryan Suter for Hooking.
1:15 of 2nd period - Bryan Little wins face-off versus Joe Thornton in Capitals zone.
3:11 of 2nd period - Icing by Alexander Radulov.
3:12 of 2nd period - Joe Thornton wins face-off versus Paul Stastny in Avalanche zone.
3:14 of 2nd period - Penalty to Ryan Suter is over, Ryan Suter is back on ice.
3:43 of 2nd period - Snap shot by Ryan Getzlaf.
3:43 of 2nd period - Stopped by Semyon Varlamov with a rebound.
3:45 of 2nd period - Snap shot by Patrick Sharp.
3:45 of 2nd period - Stopped by Semyon Varlamov with a rebound.
4:32 of 2nd period - Minor Penalty to Joe Thornton for Holding Stick.
4:33 of 2nd period - Bryan Little wins face-off versus Brian McGrattan in Capitals zone.
4:42 of 2nd period - Snap shot by Bryan Little.
4:42 of 2nd period - Stopped by Tuukka Rask with a rebound.
4:44 of 2nd period - Slapshot by Dmitry Kulikov.
4:44 of 2nd period - Shot Blocked by Ryan Suter.
4:46 of 2nd period - Wrist shot by Bryan Little.
4:46 of 2nd period - Shot Misses the Net.
4:48 of 2nd period - Snap shot by Patric Hornqvist.
4:48 of 2nd period - Goal by Patric Hornqvist - Avalanche : 1 - Capitals : 2.
4:49 of 2nd period - Paul Stastny wins face-off versus Joe Thornton in neutral zone.
4:52 of 2nd period - Slapshot by Danny Richmond.
4:52 of 2nd period - Shot Blocked by Brent Burns.
5:05 of 2nd period - Icing by Danny Richmond.
5:06 of 2nd period - Paul Stastny wins face-off versus Ryan Getzlaf in Avalanche zone.
5:31 of 2nd period - Paul Stastny is hit by Blake Wheeler.
5:55 of 2nd period - Snap shot by Andrei Kostitsyn.
5:55 of 2nd period - Stopped by Tuukka Rask with a rebound.
6:09 of 2nd period - Wrist shot by Andrei Kostitsyn.
6:09 of 2nd period - Shot Blocked by Brent Burns.
6:15 of 2nd period - Wrist shot by Alexander Radulov.
6:15 of 2nd period - Shot Misses the Net.
6:17 of 2nd period - Snap shot by Erik Karlsson.
6:17 of 2nd period - Stopped by Tuukka Rask without a rebound.
6:18 of 2nd period - Bryan Little wins face-off versus Joe Thornton in Capitals zone.
6:29 of 2nd period - Slapshot by Patric Hornqvist.
6:29 of 2nd period - Shot Blocked by Ryan Suter.
6:35 of 2nd period - Joe Pavelski is hit by Danny Richmond.
6:43 of 2nd period - Minor Penalty to Bryan Little for Hooking.
6:44 of 2nd period - Charlie Coyle wins face-off versus Joe Thornton in Avalanche zone.
8:43 of 2nd period - Penalty to Bryan Little is over, Bryan Little is back on ice.
8:55 of 2nd period - Bryan Little is hit by Ryan Suter and loses puck.
9:41 of 2nd period - Dmitry Kulikov is hit by Mikko Koivu and loses puck.
10:07 of 2nd period - Minor Penalty to Jason Pominville for Cross-checking.
10:08 of 2nd period - Bryan Little wins face-off versus Joe Thornton in Capitals zone.
12:01 of 2nd period - Icing by Bryan Little.
12:02 of 2nd period - Ondrej Palat wins face-off versus Paul Stastny in Avalanche zone.
12:07 of 2nd period - Penalty to Jason Pominville is over, Jason Pominville is back on ice.
12:39 of 2nd period - Snap shot by Erik Karlsson.
12:39 of 2nd period - Shot Misses the Net.
13:11 of 2nd period - Wrist shot by Thomas Vanek.
13:11 of 2nd period - Shot Misses the Net.
13:13 of 2nd period - Snap shot by Josh Manson.
13:13 of 2nd period - Stopped by Semyon Varlamov without a rebound.
13:14 of 2nd period - Joe Thornton wins face-off versus Bryan Little in Avalanche zone.
13:15 of 2nd period - Wrist shot by Joe Pavelski.
13:15 of 2nd period - Shot Misses the Net.
13:17 of 2nd period - Snap shot by Joe Pavelski.
13:17 of 2nd period - Stopped by Semyon Varlamov without a rebound.
13:18 of 2nd period - Joe Thornton wins face-off versus Bryan Little in Avalanche zone.
14:23 of 2nd period - Brad Richardson is hit by Ryan Suter and loses puck.
14:42 of 2nd period - Wrist shot by Kyle Turris.
14:42 of 2nd period - Shot Blocked by Jeff Skinner.
14:44 of 2nd period - Slapshot by Marc Staal.
14:44 of 2nd period - Shot Misses the Net.
15:28 of 2nd period - Wrist shot by Paul Stastny.
15:28 of 2nd period - Shot Blocked by Nick Leddy.
15:30 of 2nd period - Wrist shot by Alexander Radulov.
15:30 of 2nd period - Shot Misses the Net.
15:49 of 2nd period - Wrist shot by Charlie Coyle.
15:49 of 2nd period - Shot Misses the Net.
16:50 of 2nd period - Dmitry Kulikov is hit by Ryan Nugent-Hopkins and loses puck.
16:59 of 2nd period - Nick Leddy is hit by Dmitry Kulikov.
17:03 of 2nd period - Ryan Nugent-Hopkins is hit by Mikkel Boedker and loses puck.
17:15 of 2nd period - Ryan Suter is hit by Bryan Little and loses puck.
17:51 of 2nd period - Slapshot by Mattias Ekholm.
17:51 of 2nd period - Shot Blocked by Jeff Skinner.
18:13 of 2nd period - Snap shot by Jeff Skinner.
18:13 of 2nd period - Stopped by Semyon Varlamov without a rebound.
18:14 of 2nd period - Paul Stastny wins face-off versus Joe Thornton in Avalanche zone.
18:25 of 2nd period - Slapshot by Thomas Vanek.
18:25 of 2nd period - Shot Misses the Net.
18:27 of 2nd period - Slapshot by Joe Thornton.
18:27 of 2nd period - Stopped by Semyon Varlamov with a rebound.
18:41 of 2nd period - Andrei Kostitsyn is hit by Brent Seabrook and loses puck.
19:12 of 2nd period - Off-side.
19:13 of 2nd period - Joe Thornton wins face-off versus Charlie Coyle in neutral zone.
Goals for this period are 1 for Avalanche vs 0 for Capitals.
Shots for this period are 5 for Avalanche vs 6 for Capitals.

3rd period


0:01 of 3rd period - Joe Thornton wins face-off versus Paul Stastny in neutral zone.
0:12 of 3rd period - Snap shot by Thomas Vanek.
0:12 of 3rd period - Shot Misses the Net.
0:47 of 3rd period - Wrist shot by Charlie Coyle.
0:47 of 3rd period - Deflect By Andrew Ladd.
0:47 of 3rd period - Stopped by Tuukka Rask with a rebound.
0:49 of 3rd period - Snap shot by Charlie Coyle.
0:49 of 3rd period - Shot Blocked by Ondrej Palat.
0:51 of 3rd period - Snap shot by Charlie Coyle.
0:51 of 3rd period - Shot Misses the Net.
0:53 of 3rd period - Wrist shot by Brad Richardson.
0:53 of 3rd period - Shot Misses the Net.
0:55 of 3rd period - Snap shot by Andrew Ladd.
0:55 of 3rd period - Stopped by Tuukka Rask with a rebound.
0:57 of 3rd period - Snap shot by Charlie Coyle.
0:57 of 3rd period - Shot Misses the Net.
1:09 of 3rd period - Snap shot by Brian McGrattan.
1:09 of 3rd period - Shot Misses the Net.
1:15 of 3rd period - Brian McGrattan is hit by Darren Reid and loses puck.
1:33 of 3rd period - Slapshot by Paul Stastny.
1:33 of 3rd period - Stopped by Tuukka Rask with a rebound.
1:35 of 3rd period - Slapshot by Marc Staal.
1:35 of 3rd period - Shot Misses the Net.
1:37 of 3rd period - Slapshot by Marc Staal.
1:37 of 3rd period - Stopped by Tuukka Rask with a rebound.
2:09 of 3rd period - Mikko Koivu is hit by Brad Richardson and loses puck.
2:39 of 3rd period - Minor Penalty to Dmitry Kulikov for Tripping.
2:40 of 3rd period - Charlie Coyle wins face-off versus Joe Thornton in Avalanche zone.
2:52 of 3rd period - Snap shot by Thomas Vanek.
2:52 of 3rd period - Stopped by Semyon Varlamov without a rebound.
2:53 of 3rd period - Charlie Coyle wins face-off versus Joe Thornton in Avalanche zone.
4:27 of 3rd period - Mattias Ekholm is hit by Patrick Sharp and loses puck.
4:39 of 3rd period - Penalty to Dmitry Kulikov is over, Dmitry Kulikov is back on ice.
5:15 of 3rd period - Slapshot by Patric Hornqvist.
5:15 of 3rd period - Stopped by Tuukka Rask with a rebound.
5:17 of 3rd period - Slapshot by Jack Johnson.
5:17 of 3rd period - Stopped by Tuukka Rask without a rebound.
5:18 of 3rd period - Ryan Nugent-Hopkins wins face-off versus Brad Richardson in Capitals zone.
5:45 of 3rd period - Slapshot by Brent Burns.
5:45 of 3rd period - Shot Blocked by Patric Hornqvist.
6:15 of 3rd period - Snap shot by Paul Stastny.
6:15 of 3rd period - Shot Misses the Net.
6:33 of 3rd period - Wrist shot by Darren Reid.
6:33 of 3rd period - Deflect By Kyle Turris.
6:33 of 3rd period - Shot Blocked by Justin Faulk.
6:33 of 3rd period - Puck is out of play.
6:34 of 3rd period - Joe Thornton wins face-off versus Bryan Little in Capitals zone.
7:01 of 3rd period - Patrick Sharp is hit by Jack Johnson.
7:10 of 3rd period - Slapshot by Paul Stastny.
7:10 of 3rd period - Shot Misses the Net.
7:12 of 3rd period - Snap shot by Alexander Radulov.
7:12 of 3rd period - Stopped by Tuukka Rask with a rebound.
7:52 of 3rd period - Off-side.
7:53 of 3rd period - Ryan Nugent-Hopkins wins face-off versus Paul Stastny in neutral zone.
7:56 of 3rd period - Backhand shot by Brent Seabrook.
7:56 of 3rd period - Shot Misses the Net.
8:25 of 3rd period - Wrist shot by Joe Thornton.
8:25 of 3rd period - Shot Misses the Net.
8:27 of 3rd period - Wrist shot by Joe Thornton.
8:27 of 3rd period - Stopped by Semyon Varlamov with a rebound.
9:04 of 3rd period - Wrist shot by Kyle Turris.
9:04 of 3rd period - Stopped by Tuukka Rask without a rebound.
9:05 of 3rd period - Kyle Turris wins face-off versus Joe Thornton in Capitals zone.
9:17 of 3rd period - Minor Penalty to Nick Leddy for Kneeing.
9:18 of 3rd period - Joe Thornton wins face-off versus Bryan Little in Capitals zone.
11:17 of 3rd period - Penalty to Nick Leddy is over, Nick Leddy is back on ice.
11:24 of 3rd period - Snap shot by Nick Leddy.
11:24 of 3rd period - Stopped by Semyon Varlamov with a rebound.
11:46 of 3rd period - Matt Moulson is hit by Jason Pominville.
12:15 of 3rd period - Marc Staal is hit by Brent Seabrook and loses puck.
12:48 of 3rd period - Paul Stastny is hit by Jeff Skinner and loses puck.
13:25 of 3rd period - Darren Reid is hit by Blake Wheeler.
13:35 of 3rd period - Marc Staal is hit by Patrick Sharp and loses puck.
13:46 of 3rd period - Dmitry Kulikov is hit by Thomas Vanek and loses puck.
13:55 of 3rd period - Thomas Vanek is hit by Darren Reid and loses puck.
14:00 of 3rd period - Snap shot by Matt Moulson.
14:00 of 3rd period - Deflect By Kyle Turris.
14:00 of 3rd period - Shot Misses the Net.
14:00 of 3rd period - Puck is out of play.
14:01 of 3rd period - Paul Stastny wins face-off versus Jason Pominville in Capitals zone.
14:53 of 3rd period - Snap shot by Brad Richardson.
14:53 of 3rd period - Shot Misses the Net.
14:59 of 3rd period - Slapshot by Erik Karlsson.
14:59 of 3rd period - Goal by Erik Karlsson - Avalanche : 2 - Capitals : 2.
15:00 of 3rd period - Joe Thornton wins face-off versus Paul Stastny in neutral zone.
15:09 of 3rd period - Wrist shot by Paul Stastny.
15:09 of 3rd period - Shot Misses the Net.
15:40 of 3rd period - Charlie Coyle is hit by Ondrej Palat.
15:50 of 3rd period - Backhand shot by Mikkel Boedker.
15:50 of 3rd period - Shot Misses the Net.
15:56 of 3rd period - Wrist shot by Patrick Sharp.
15:56 of 3rd period - Stopped by Semyon Varlamov without a rebound.
15:57 of 3rd period - Joe Thornton wins face-off versus Mikkel Boedker in Avalanche zone.
16:06 of 3rd period - Snap shot by Thomas Vanek.
16:06 of 3rd period - Shot Blocked by Marc Staal.
16:12 of 3rd period - Slapshot by Thomas Vanek.
16:12 of 3rd period - Shot Misses the Net.
16:14 of 3rd period - Slapshot by Brent Burns.
16:14 of 3rd period - Deflect By Mikkel Boedker.
16:14 of 3rd period - Stopped by Semyon Varlamov with a rebound.
16:26 of 3rd period - Slapshot by Andrew Ladd.
16:26 of 3rd period - Shot Misses the Net.
16:50 of 3rd period - Snap shot by Matt Moulson.
16:50 of 3rd period - Stopped by Tuukka Rask without a rebound.
16:51 of 3rd period - Joe Thornton wins face-off versus Kyle Turris in Capitals zone.
17:13 of 3rd period - Snap shot by Matt Moulson.
17:13 of 3rd period - Stopped by Tuukka Rask without a rebound.
17:14 of 3rd period - Charlie Coyle wins face-off versus Mikko Koivu in Capitals zone.
17:25 of 3rd period - Slapshot by Charlie Coyle.
17:25 of 3rd period - Shot Misses the Net.
17:43 of 3rd period - Snap shot by Bryan Little.
17:43 of 3rd period - Shot Misses the Net.
18:04 of 3rd period - Mattias Ekholm is hit by Patrick Sharp and loses puck.
18:27 of 3rd period - Slapshot by Mattias Ekholm.
18:27 of 3rd period - Stopped by Tuukka Rask without a rebound.
18:28 of 3rd period - Joe Thornton wins face-off versus Paul Stastny in Capitals zone.
18:49 of 3rd period - Snap shot by Alexander Radulov.
18:49 of 3rd period - Shot Misses the Net.
18:55 of 3rd period - Jack Johnson is hit by Nick Leddy and loses puck.
19:00 of 3rd period - Snap shot by Ondrej Palat.
19:00 of 3rd period - Shot Misses the Net.
19:51 of 3rd period - Dmitry Kulikov is hit by Mikko Koivu and loses puck.
Goals for this period are 1 for Avalanche vs 0 for Capitals.
Shots for this period are 12 for Avalanche vs 5 for Capitals.

Overtime #1


0:01 of 1st overtime period - Mikkel Boedker wins face-off versus Joe Thornton in neutral zone.
0:04 of 1st overtime period - Snap shot by Jack Johnson.
0:04 of 1st overtime period - Stopped by Tuukka Rask with a rebound.
0:50 of 1st overtime period - Wrist shot by Paul Stastny.
0:50 of 1st overtime period - Deflect By Patric Hornqvist.
0:50 of 1st overtime period - Stopped by Tuukka Rask without a rebound.
0:51 of 1st overtime period - Joe Pavelski wins face-off versus Mikkel Boedker in Capitals zone.
1:27 of 1st overtime period - Slapshot by Brent Seabrook.
1:27 of 1st overtime period - Shot Misses the Net.
3:37 of 1st overtime period - Brad Richardson is hit by Thomas Vanek and loses puck.
3:45 of 1st overtime period - Icing by Brad Richardson.
3:46 of 1st overtime period - Mikkel Boedker wins face-off versus Blake Wheeler in Avalanche zone.
3:51 of 1st overtime period - Mikko Koivu is hit by Bryan Little and loses puck.
4:02 of 1st overtime period - Slapshot by Paul Stastny.
4:02 of 1st overtime period - Stopped by Tuukka Rask with a rebound.
4:04 of 1st overtime period - Slapshot by Danny Richmond.
4:04 of 1st overtime period - Stopped by Tuukka Rask without a rebound.
4:05 of 1st overtime period - Patric Hornqvist wins face-off versus Joe Thornton in Capitals zone.
4:06 of 1st overtime period - Slapshot by Paul Stastny.
4:06 of 1st overtime period - Stopped by Tuukka Rask without a rebound.
4:07 of 1st overtime period - Joe Thornton wins face-off versus Patric Hornqvist in Capitals zone.
4:18 of 1st overtime period - Slapshot by Thomas Vanek.
4:18 of 1st overtime period - Goal by Thomas Vanek - Avalanche : 2 - Capitals : 3.
Goals for this period are 0 for Avalanche vs 1 for Capitals.
Shots for this period are 5 for Avalanche vs 1 for Capitals.